 Dungeon Crawl Stone Soup version 0.28.0-45-g0d030f2227 (webtiles) character file.

Game seed: 17336717957091098531

1124 101zpm the Chiller (level 8, 0/39 (43) HPs)
             Began as a Deep Elf Ice Elementalist on Apr 20, 2022.
             Slain by a wight
             ... wielding a +0 great sword
              (9 damage)
             ... on level 6 of the Dungeon.
             The game lasted 00:15:01 (7004 turns).

101zpm the Chiller (Deep Elf Ice Elementalist)      Turns: 7004, Time: 00:15:01

HP:   0/39 (43)     AC: 18    Str:  9    XL:     8   Next: 13%
MP:   10/19         EV:  9    Int: 27    God:
Gold: 197           SH:  0    Dex: 15    Spells: 8/19 levels left

rFire   . . .      SeeInvis +   r - +5 short sword of Mutilation {freeze, Str+4 Int+4}
rCold   + . .      Faith    .   (no shield)
rNeg    . . .      Spirit   .   c - +7 Kryia's mail coat {PotionHeal*2 rC+}
rPois   +          Reflect  .   (no helmet)
rElec   .          Harm     .   (no cloak)
rCorr   .          Rampage  .   (no gloves)
Will    .....                   p - +0 pair of boots
Stlth   +.........              (no amulet)
HPRegen 0.13/turn               b - ring of poison resistance
MPRegen 0.16/turn               o - ring of see invisible

@: ice-armoured, drained
A: no striking features
a: no special abilities


You were on level 6 of the Dungeon.
You visited 1 branch of the dungeon, and saw 7 of its levels.

You collected 197 gold pieces.

Inventory:

Hand Weapons
 d - a +2 hand axe of freezing
 e - a +1 vampiric whip
 r - the +5 short sword of Mutilation (weapon) {freeze, Str+4 Int+4}
   (You found it on level 3 of the Dungeon)

   It freezes those it strikes, dealing additional cold damage.
   It can also slow down cold-blooded creatures.
   Str:       It affects your strength (+4).
   Int:       It affects your intelligence (+4).
Missiles
 k - 52 arrows
 l - 10 poisoned darts
 m - 192 stones
 s - 2 throwing nets
Armour
 a - a +0 robe
 c - the +7 Kryia's mail coat (worn) {PotionHeal*2 rC+}
   (You found it on level 2 of the Dungeon)

   Potions are twice as effective at healing its wearer.
   rC:        It protects you from cold.
 p - a +0 pair of boots (worn)
Jewellery
 b - a ring of poison resistance (left hand)
 o - a ring of see invisible (right hand)
 x - an amulet of faith
 z - a ring of resist corrosion
Wands
 n - a wand of flame (12)
 v - a wand of mindburst (8)
Scrolls
 f - a scroll of enchant armour {unknown}
 g - a scroll of holy word {unknown}
 h - a scroll of noise {unknown}
 q - 2 scrolls of enchant weapon {unknown}
 u - a scroll of fear {unknown}
 w - 3 scrolls of identify {unknown}
 y - a scroll of teleportation {unknown}
Potions
 i - 2 potions of attraction {unknown}
 j - 2 potions of heal wounds {unknown}
 t - a potion of curing {unknown}
 A - a potion of lignification {unknown}


   Skills:
 + Level 1.6 Fighting
 + Level 3.2 Short Blades
 + Level 2.4 Axes
 + Level 2.9 Armour
 + Level 4.0 Dodging
 + Level 2.9 Stealth
 + Level 6.0 Spellcasting
 + Level 6.8 Ice Magic


You had 8 spell levels left.
You knew the following spells:

 Your Spells              Type           Power      Damage    Failure   Level
a - Freeze                Ice            100%       1d11      3%          1
b - Frozen Ramparts       Ice            88%        1d10      9%          3
c - Ozocubu's Armour      Ice            44%        N/A       9%          3
d - Hailstorm             Conj/Ice       26%        3d7       77%         4

Your spell library contained the following spells:

 Spells                   Type           Power      Damage    Failure   Level
 Summon Small Mammal      Summ           32%        N/A       43%         1
 Static Discharge         Conj/Air       8%         N/A       58%         2
 Call Canine Familiar     Summ           8%         N/A       82%         3
 Summon Guardian Golem    Hex/Summ       8%         N/A       82%         3
 Lightning Bolt           Conj/Air       4%         1d15      100%        5
 Maxwell's Capacitive Co  Air            4%         ∞         100%        8


Dungeon Overview and Level Annotations

Branches:
Dungeon (7/15)
 Temple: D:4-7

Altars:
Zin


Message History

The wight is lightly damaged.
You hit the wight.
The wight is moderately damaged.
The wight completely resists.
The wall freezes the wight but does no damage.
The wight hits you with a +0 great sword!
* * * LOW HITPOINT WARNING * * *
You feel drained.
* * * LOW HITPOINT WARNING * * *
You closely miss the wight.
The wight is moderately damaged.
The wight completely resists.
The wall freezes the wight but does no damage.
The wight hits you with a +0 great sword.
* * * LOW HITPOINT WARNING * * *
You barely miss the wight.
The wight is moderately damaged.
The wight completely resists.
The wall freezes the wight but does no damage.
The wight hits you with a +0 great sword.
* * * LOW HITPOINT WARNING * * *
You feel drained.
Casting: Ozocubu's Armour (dangerous; 9% risk of failure)
Confirm with . or Enter, or press ? or * to list all spells.
Aiming: Freeze (safe; 3% risk of failure)
Press: ? - help, Shift-Dir - straight line, f/p - wight
Aim: a wight, wielding a +0 great sword and wearing a +2 robe of cold resistance (moderately damaged)
You freeze the wight but do no damage.
The wight completely resists. x2
The wall freezes the wight but does no damage.
The wight barely misses you.
You hit the wight but do no damage.
The wight is moderately damaged.
The wight completely resists.
The wall freezes the wight but does no damage.
The wight hits you but does no damage.
You hit the wight.
The wight is severely damaged.
The frozen ramparts melt away.
The wight hits you with a +0 great sword!
You die...

#### #..##
#...#
#######...#
......z@..#
...........#
...............
...............
..#..#.........
. #..#.........
.. ###..#....
... $#.....


You could see a wight.

Vanquished Creatures
  A hornet (D:5)
  A water moccasin (D:7)
  An ogre (D:5)
  2 phantoms
  A scorpion (D:4)
  A wyvern skeleton (D:6)
  2 howler monkeys
  2 centaur zombies
  A hound (D:5)
  2 jellies
  Natasha (thrice) (D:2 D:1)
  A killer bee zombie (D:7)
  A hound skeleton (D:4)
  4 adders
  4 worms
  4 dart slugs
  An orc (D:5)
  3 endoplasms
  4 giant cockroaches
  6 goblins
  7 hobgoblins
  2 jackals (D:4)
  7 quokkas
  6 ball pythons
  7 bats
  3 frilled lizards
  11 kobolds
  6 rats
94 creatures vanquished.

Notes
Turn   | Place    | Note
-------+----------+-------------------------------------------
     0 | D:1      | 101zpm the Deep Elf Ice Elementalist began the quest for
                  | the Orb.
     0 | D:1      | Reached XP level 1. HP: 10/10 MP: 6/6
    66 | D:2      | Reached XP level 2. HP: 15/15 MP: 4/8
   198 | D:2      | Found the +7 Kryia's mail coat {PotionHeal*2 rC+}
   685 | D:1      | Reached XP level 3. HP: 18/19 MP: 10/10
   720 | D:1      | Reached skill level 5 in Ice Magic
  1482 | D:1      | Found a faded altar of an unknown god.
  1824 | D:2      | Noticed Natasha
  1832 | D:2      | Killed Natasha
  1833 | D:2      | Reached skill level 1 in Axes
  1833 | D:2      | Reached XP level 4. HP: 11/24 MP: 6/11
  2010 | D:2      | Noticed Natasha
  2016 | D:2      | Killed Natasha
  2180 | D:2      | Found a glowing silver altar of Zin.
  2615 | D:2      | Noticed Natasha
  2630 | D:1      | Killed Natasha
  2631 | D:1      | Reached skill level 1 in Armour
  2631 | D:1      | Reached XP level 5. HP: 5/28 MP: 7/13
  3551 | D:3      | Identified the +5 short sword of Mutilation {freeze, Str+4
                  | Int+4}
  4164 | D:4      | Noticed a phantom
  4200 | D:3      | Learned a level 3 spell: Frozen Ramparts
  4204 | D:3      | Learned a level 3 spell: Ozocubu's Armour
  4209 | D:3      | Learned a level 4 spell: Hailstorm
  4230 | D:3      | Killed a phantom
  4231 | D:3      | Reached skill level 1 in Short Blades
  4231 | D:3      | Reached XP level 6. HP: 22/33 MP: 0/14
  4571 | D:4      | Reached skill level 1 in Fighting
  4776 | D:4      | You fall into a shaft and drop 1 floor!
  4776 | D:5      | Entered Level 5 of the Dungeon
  5226 | D:5      | Reached XP level 7. HP: 38/38 MP: 10/16
  5343 | D:5      | Noticed a hornet
  5348 | D:5      | Killed a hornet
  5349 | D:5      | Reached skill level 5 in Spellcasting
  6202 | D:6      | Noticed a shadow
  6651 | D:7      | Reached XP level 8. HP: 43/43 MP: 12/18
  7004 | D:6      | Slain by a wight

Illustrated notes

Levels and vault maps discovered:
D:1:      dpeg_arrival_round_b, layout_basic,
          hellmonk_ecumenical_altar_inner_sanctum
D:2:      layout_basic, basic_altar, uniq_natasha
D:3:      layout_basic, minmay_misc_feat_alley
D:4:      layout_basic
D:5:      layout_basic, abandoned_shop
D:6:      layout_cave_pools, mainiacjoe_overflow_catwalk,
          gammafunk_temple_overflow_claw, serial_shops, shop
D:7:      layout_rooms, minmay_temple_entry_junction_2, minmay_misc_feat_iff,
          dk_rats_in_the_wall

Skill      XL: |  1  2  3  4  5  6  7  8 |
---------------+-------------------------+-----
Ice Magic      | 5 6 |  6.8
Axes           | 1 2 |  2.4
Dodging        | 3 4 |  4.0
Armour         | 1 2 |  2.9
Spellcasting   | 4 5 6 |  6.0
Short Blades   | 1 2 3 |  3.2
Fighting       | 1 |  1.6
Stealth        | |  2.9

Action                   |  1- 3 |  4- 6 |  7- 9 || total
-------------------------+-------+-------+-------++-------
Melee: Hand axe          |   103 |    67 |       ||   170
       Unarmed           |     2 |       |       ||     2
       Punch             |     1 |     2 |       ||     3
       Short sword       |       |    80 |    43 ||   123
 Cast: Freeze            |    11 |     7 |    13 ||    31
       Frozen Ramparts   |       |     5 |     6 ||    11
       Ozocubu's Armour  |       |     2 |     3 ||     5
Armor: Scale mail        |   101 |    76 |    35 ||   212
Dodge: Dodged            |    51 |    70 |    40 ||   161
